Workbook
Name Auswahl_ja_nein: Auswahllisten!$E$2:$E$3
Name geeignet_ungeeignet: Auswahllisten!$F$2:$F$3
Name Länder_und_Regionen: Auswahllisten!$C$2:$C$268
Name Mindestzahl: Auswahllisten!$D$2:$D$12

Sheet Ranking
A1: Ranking | B1: CandidateTenderer | C1: %
A2: ='CandidateTenderer 1-5'!$K$47 -> 1 | B2: ='CandidateTenderer 1-5'!$J$8 -> Candidate/tenderer 1 | C2: ='CandidateTenderer 1-5'!$K$46 -> 0
A3: ='CandidateTenderer 1-5'!$M$47 -> 1 | B3: ='CandidateTenderer 1-5'!$L$8 -> Candidate/tenderer 2 | C3: ='CandidateTenderer 1-5'!$M$46 -> 0
A4: ='CandidateTenderer 1-5'!$O$47 -> 1 | B4: ='CandidateTenderer 1-5'!$N$8 -> Candidate/tenderer 3 | C4: ='CandidateTenderer 1-5'!$O$46 -> 0
A5: ='CandidateTenderer 1-5'!$Q$47 -> 1 | B5: ='CandidateTenderer 1-5'!$P$8 -> Candidate/tenderer 4 | C5: ='CandidateTenderer 1-5'!$Q$46 -> 0
A6: ='CandidateTenderer 1-5'!$S$47 -> 1 | B6: ='CandidateTenderer 1-5'!$R$8 -> Candidate/tenderer 5 | C6: ='CandidateTenderer 1-5'!$S$46 -> 0
A7: ='CandidateTenderer 6-10'!$K$47 -> 1 | B7: ='CandidateTenderer 6-10'!$J$8 -> Candidate/tenderer 6 | C7: ='CandidateTenderer 6-10'!$K$46 -> 0
A8: ='CandidateTenderer 6-10'!$M$47 -> 1 | B8: ='CandidateTenderer 6-10'!$L$8 -> Candidate/tenderer 7 | C8: ='CandidateTenderer 6-10'!$M$46 -> 0
A9: ='CandidateTenderer 6-10'!$O$47 -> 1 | B9: ='CandidateTenderer 6-10'!$N$8 -> Candidate/tenderer 8 | C9: ='CandidateTenderer 6-10'!$O$46 -> 0
A10: ='CandidateTenderer 6-10'!$Q$47 -> 1 | B10: ='CandidateTenderer 6-10'!$P$8 -> Candidate/tenderer 9 | C10: ='CandidateTenderer 6-10'!$Q$46 -> 0
A11: ='CandidateTenderer 6-10'!$S$47 -> 1 | B11: ='CandidateTenderer 6-10'!$R$8 -> Candidate/tenderer 10 | C11: ='CandidateTenderer 6-10'!$S$46 -> 0
A12: ='CandidateTenderer 11-15'!$K$47 -> 1 | B12: ='CandidateTenderer 11-15'!$J$8 -> Candidate/tenderer 11 | C12: ='CandidateTenderer 11-15'!$K$46 -> 0
A13: ='CandidateTenderer 11-15'!$M$47 -> 1 | B13: ='CandidateTenderer 11-15'!$L$8 -> Candidate/tenderer 12 | C13: ='CandidateTenderer 11-15'!$M$46 -> 0
A14: ='CandidateTenderer 11-15'!$O$47 -> 1 | B14: ='CandidateTenderer 11-15'!$N$8 -> Candidate/tenderer 13 | C14: ='CandidateTenderer 11-15'!$O$46 -> 0
A15: ='CandidateTenderer 11-15'!$Q$47 -> 1 | B15: ='CandidateTenderer 11-15'!$P$8 -> Candidate/tenderer 14 | C15: ='CandidateTenderer 11-15'!$Q$46 -> 0
A16: ='CandidateTenderer 11-15'!$S$47 -> 1 | B16: ='CandidateTenderer 11-15'!$R$8 -> Candidate/tenderer 15 | C16: ='CandidateTenderer 11-15'!$S$46 -> 0
A17: ='CandidateTenderer 16-20'!$K$47 -> 1 | B17: ='CandidateTenderer 16-20'!$J$8 -> Candidate/tenderer 16 | C17: ='CandidateTenderer 16-20'!$K$46 -> 0
A18: ='CandidateTenderer 16-20'!$M$47 -> 1 | B18: ='CandidateTenderer 16-20'!$L$8 -> Candidate/tenderer 17 | C18: ='CandidateTenderer 16-20'!$M$46 -> 0
A19: ='CandidateTenderer 16-20'!$O$47 -> 1 | B19: ='CandidateTenderer 16-20'!$N$8 -> Candidate/tenderer 18 | C19: ='CandidateTenderer 16-20'!$O$46 -> 0
A20: ='CandidateTenderer 16-20'!$Q$47 -> 1 | B20: ='CandidateTenderer 16-20'!$P$8 -> Candidate/tenderer 19 | C20: ='CandidateTenderer 16-20'!$Q$46 -> 0
A21: ='CandidateTenderer 16-20'!$S$47 -> 1 | B21: ='CandidateTenderer 16-20'!$R$8 -> Candidate/tenderer 20 | C21: ='CandidateTenderer 16-20'!$S$46 -> 0

Sheet Information
A1: CONFIDENTIAL
A2: 1) Commercial eligibility assessment
A5: General or legal documents: This needs to be specified by each country office according to local requirements and basic processes.
A7: Compulsory and optional grounds for exclusion: | C7: The respective grounds for exclusions are stated in the self-declaration templates for services: https://dms.giz.de/dms/llisapi.dll?func=ll&objaction=overview&objid=498456808 and for construction (to be found under P+R (230, 511,512))
A9: Evidence of incorporation: | C9: Needs to be requested if commercial register / evidence of incorporation exists locally
A12: Average annual turnover: | C12: Applicable average annual turnover should not be higher than 2x the estimated contract value. Can be adjusted if required.
A15: Average numbers of employees: | C15: Needs to be adjusted according to the specific service and requirements as per TOR. Can also be zero (0) if appropriate
A18: 2) Technical eligibility assessment
A21: Minimum commission value of reference projects: | C21: The project should choose an appropriate commission value of reference projects in order to ensure that potential candidates have the necessary economic and financial capacities to perform the contract. It is recommended to choose 0.5-1x the estimated contract value. The value can be adjusted if appropriate.
A24: Reference projects: | C24: The project should choose the amount and technical field of reference projects. The amount and volume of reference projects should be appropriate based on the commission value requested.
A27: B) Ranking
A30: Part B is only for the exceptional case that an award procedure with call for competitive tender (expression of interest) is conducted AND the number of candidates is to be limited based on the criteria stated in part B.
A31: The criteria stated in part B are intended to assess the technical and professional experience of the company. Do not use technical qualifications for experts stated in the technical assessment grid.

Sheet CandidateTenderer 1-5
A1: Assessment grid for checking the eligibility of candidates/tenderers (local procedures) | U1: CandidateTenderer 1-5
A2: CONFIDENTIAL | R2: =U1 & " of " & IF(SUM('CandidateTenderer 16-20'!K46:S46)>0,"20", IF(SUM('CandidateTenderer 11-15'!K46:S46)>0,"15", IF(SUM('CandidateTenderer 6-10'!K46:S46)>0,"10", IF(SUM('CandidateTenderer 1-5'!K46:S46)>0,"5", "0")))) -> CandidateTenderer 1-5 of 0 | T2: (increases automatically if entries are made on the following pages)
A4: =ROW(A1) -> 1 | B4: Commission manager | H4: Project title | J4: Global Programme Modular Nutrition Actions (MoNA) | P4: Processing number: | R4: G-100006-002
A5: =ROW(A2) -> 2 | B5: Commercial assessor | H5: Service tendered: | J5: Poshan Samriddhi: An initiative for improved nutrition and enhanced rural resilience | P5: Transaction number: | R5: 7000024046
A6: =ROW(A3) -> 3 | B6: Technical assessor
A7: =ROW(A4) -> 4
A8: =ROW(A5) -> 5 | J8: Candidate/tenderer 1 | L8: Candidate/tenderer 2 | N8: Candidate/tenderer 3 | P8: Candidate/tenderer 4 | R8: Candidate/tenderer 5
A9: =ROW(A6) -> 6 | B9: A. General information (all procedures)
A10: =ROW(A7) -> 7 | B10: I. Commercial eligibility assessment | E10: (if 'yes' in all instances, the tenderer is eligible) | J10: Yes / No | L10: Yes / No | N10: Yes / No | P10: Yes / No | R10: Yes / No
A11: =ROW(A8) -> 8 | B11: General administrative and/or legal documents (GST & PAN, TAN Certificate OR any other Legal registration documents for the entity registered in India)
A12: =ROW(A9) -> 9 | B12: No compulsory grounds for exclusion according to self-declaration (If this is the case, enter 'yes'. If there are compulsory grounds for exclusion, enter 'no' and the tender is ineligible) Refer Declaration)
A13: =ROW(A10) -> 10 | B13: No optional grounds for exclusion according to self-declaration (If this is the case, enter 'yes'. If there are optional grounds for exclusion, enter 'no' and the tender is ineligible) (Refer Declaration)
A14: =ROW(A11) -> 11
A15: =ROW(A12) -> 12 | B15: Information: Evidence of incorporation
A16: =ROW(A13) -> 13 | B16: In case of candidate/tenderer consortium: Declaration by candidate/tenderer consortium
A17: =ROW(A14) -> 14 | B17: Average annual turnover for the last three financial years (last-but-four financial year can be included in case of tenders held within six months of end of last financial year). If required: financial statements provided | G17: At least: | H17: 181000 | I17: EUR
A18: =ROW(A15) -> 15 | B18: Average number of employees and managers for the past three calendar years | G18: At least: | H18: 10 | I18: persons
A19: =ROW(A16) -> 16 | B19: Result
A20: =ROW(A17) -> 17
A21: =ROW(A18) -> 18 | B21: II. Technical eligibility assessment | E21: (if 'yes' in all instances, the tenderer is eligible) | J21: Yes / No | L21: Yes / No | N21: Yes / No | P21: Yes / No | R21: Yes / No
A22: =ROW(A19) -> 19 | B22: The technical assessment is only based on reference projects with a minimum commission value of: | H22: 20000 | I22: EUR
A23: =ROW(A20) -> 20 | B23: At least | C23: 2 | D23: =" reference project"&IF(C23=1,"","s")&" in the technical field" -> reference projects in the technical field | F23: agricultire and nutrition development in rural areas
A24: =ROW(A21) -> 21 | B24: and at least | C24: 2 | D24: =" reference project"&IF(C24=1,"","s") -> reference projects | E24: in India | H24: In the last 36 months before the date of publication of this tender.
A25: =ROW(A22) -> 22 | B25: Result | J25: =IF(J23="nein",Auswahllisten!$F$3,IF(J23="ja",Auswahllisten!$F$2," ")) | L25: =IF(L23="nein",Auswahllisten!$F$3,IF(L23="ja",Auswahllisten!$F$2," ")) | N25: =IF(N23="nein",Auswahllisten!$F$3,IF(N23="ja",Auswahllisten!$F$2," ")) | P25: =IF(P23="nein",Auswahllisten!$F$3,IF(P23="ja",Auswahllisten!$F$2," ")) | R25: =IF(R23="nein",Auswahllisten!$F$3,IF(R23="ja",Auswahllisten!$F$2," "))
A26: =ROW(A23) -> 23
A27: =ROW(A24) -> 24 | B27: Overall result, commercial and technical | J27: =IF( OR(J19=Auswahllisten!$F$3,J25=Auswahllisten!$F$3), Auswahllisten!$F$3, IF(AND(J19=Auswahllisten!$F$2,J25=Auswahllisten!$F$2), Auswahllisten!$F$2, "")) | L27: =IF( OR(L19=Auswahllisten!$F$3,L25=Auswahllisten!$F$3), Auswahllisten!$F$3, IF(AND(L19=Auswahllisten!$F$2,L25=Auswahllisten!$F$2), Auswahllisten!$F$2, "")) | N27: =IF( OR(N19=Auswahllisten!$F$3,N25=Auswahllisten!$F$3), Auswahllisten!$F$3, IF(AND(N19=Auswahllisten!$F$2,N25=Auswahllisten!$F$2), Auswahllisten!$F$2, "")) | P27: =IF( OR(P19=Auswahllisten!$F$3,P25=Auswahllisten!$F$3), Auswahllisten!$F$3, IF(AND(P19=Auswahllisten!$F$2,P25=Auswahllisten!$F$2), Auswahllisten!$F$2, "")) | R27: =IF( OR(R19=Auswahllisten!$F$3,R25=Auswahllisten!$F$3), Auswahllisten!$F$3, IF(AND(R19=Auswahllisten!$F$2,R25=Auswahllisten!$F$2), Auswahllisten!$F$2, ""))
A28: =ROW(A25) -> 25
A29: =ROW(A26) -> 26 | B29: B. Ranking (in addition for calls for competitive tender with a limited number of candidates)
A30: =ROW(A27) -> 27 | B30: III. Weighted criteria
A31: =ROW(A28) -> 28 | B31: 1 | I31: 2 | J31: 3 | K31: 4 | L31: 5 | M31: 6 | N31: 7 | O31: 8 | P31: 9 | Q31: 10 | R31: 11 | S31: 12
A32: =ROW(A29) -> 29 | B32: Critereon | I32: Weighting | J32: Score | K32: Assessment | L32: Score | M32: Assessment | N32: Score | O32: Assessment | P32: Score | Q32: Assessment | R32: Score | S32: Assessment
A33: =ROW(A30) -> 30 | I33: in % | J33: (max.10) | K33: (2)x(3) | L33: (max.10) | M33: (2)x(5) | N33: (max.10) | O33: (2)x(7) | P33: (max.10) | Q33: (2)x(9) | R33: (max.10) | S33: (2)x(11)
A34: =ROW(A31) -> 31 | B34: 1. Technical experience
A35: =ROW(A32) -> 32 | B35: Technical experience (up to five specialist areas, including cross-cutting themes) | K35: =J35*$I35 -> 0 | M35: =L35*$I35 -> 0 | O35: =N35*$I35 -> 0 | Q35: =P35*$I35 -> 0 | S35: =R35*$I35 -> 0
A36: =ROW(A33) -> 33 | B36: Minimum 5 years demonstrated expertise in community nutrition and sustainable agriculture/horticulture | I36: 15 | K36: =J36*$I36 -> 0 | M36: =L36*$I36 -> 0 | O36: =N36*$I36 -> 0 | Q36: =P36*$I36 -> 0 | S36: =R36*$I36 -> 0
A37: =ROW(A34) -> 34 | B37: Minimum 1 year of experience working with DAY-NRLM or SRLM preferably having MoU for providing technical/ implementation support in FHNW and livelihoods promotion | I37: 15 | K37: =J37*$I37 -> 0 | M37: =L37*$I37 -> 0 | O37: =N37*$I37 -> 0 | Q37: =P37*$I37 -> 0 | S37: =R37*$I37 -> 0
A38: =ROW(A35) -> 35 | B38: Minimum 3 years of experience and technical expertise in Community Mobilization, Awareness Generation in rural development projects with rural communities in rural areas of India. | I38: 10 | K38: =J38*$I38 -> 0 | M38: =L38*$I38 -> 0 | O38: =N38*$I38 -> 0 | Q38: =P38*$I38 -> 0 | S38: =R38*$I38 -> 0
A39: =ROW(A36) -> 36 | B39: Minimum 3 years of experience of government engagements preferably work experience with RD programmes like MGNREGA/VB G RAM G and Agriculture/Horticulture in rural areas of India. | I39: 10 | K39: =J39*$I39 -> 0 | M39: =L39*$I39 -> 0 | O39: =N39*$I39 -> 0 | Q39: =P39*$I39 -> 0 | S39: =R39*$I39 -> 0
A40: =ROW(A37) -> 37 | B40: The agency should have regional experience of working in any state in India. The experience of working in Rajasthan would be an asset. | I40: 10 | K40: =J40*$I40 -> 0 | M40: =L40*$I40 -> 0 | O40: =N40*$I40 -> 0 | Q40: =P40*$I40 -> 0 | S40: =R40*$I40 -> 0
A41: =ROW(A38) -> 38 | B41: Total 1. | I41: =SUM(I34:I40) -> 60 | K41: =SUM(K34:K40) -> 0 | M41: =SUM(M34:M40) -> 0 | O41: =SUM(O34:O40) -> 0 | Q41: =SUM(Q34:Q40) -> 0 | S41: =SUM(S34:S40) -> 0
A42: =ROW(A39) -> 39 | B42: 2. Regional experience
A43: =ROW(A40) -> 40 | B43: Regional experience | D43: in India | I43: 30 | K43: =J43*$I43 -> 0 | M43: =L43*$I43 -> 0 | O43: =N43*$I43 -> 0 | Q43: =P43*$I43 -> 0 | S43: =R43*$I43 -> 0
A44: =ROW(A41) -> 41 | B44: 3. Experience of development projects (ODA-financed)
A45: =ROW(A42) -> 42 | B45: Experience of development projects (at least 50% ODA-financed) | I45: 10 | K45: =J45*$I45 -> 0 | M45: =L45*$I45 -> 0 | O45: =N45*$I45 -> 0 | Q45: =P45*$I45 -> 0 | S45: =R45*$I45 -> 0
A46: =ROW(A43) -> 43 | B46: Overall total | I46: =I41+I43+I45 -> 100 | K46: =SUM(K41:K45) -> 0 | M46: =SUM(M41:M45) -> 0 | O46: =SUM(O41:O45) -> 0 | Q46: =SUM(Q41:Q45) -> 0 | S46: =SUM(S41:S45) -> 0
A47: =ROW(A44) -> 44 | B47: Ranking | K47: =_xlfn.RANK.EQ(K46,Ranking!$C$2:$C$101) -> 1 | M47: =_xlfn.RANK.EQ(M46,Ranking!$C$2:$C$101) -> 1 | O47: =_xlfn.RANK.EQ(O46,Ranking!$C$2:$C$101) -> 1 | Q47: =_xlfn.RANK.EQ(Q46,Ranking!$C$2:$C$101) -> 1 | S47: =_xlfn.RANK.EQ(S46,Ranking!$C$2:$C$101) -> 1
B50: I hereby declare that I have filled out this assessment independently, to the best of my knowledge and in good faith.
D51: For the technical assessment: | M51: For the commercial assessment:
F52: Date, full first and last names, function, OU | P52: Date, full first and last names, function, OU

Sheet CandidateTenderer 6-10
A1: Assessment grid for checking the eligibility of candidates/tenderers (local procedures) | U1: CandidateTenderer 6-10
A2: CONFIDENTIAL | R2: =U1 & " of " & IF(SUM('CandidateTenderer 16-20'!K46:S46)>0,"20", IF(SUM('CandidateTenderer 11-15'!K46:S46)>0,"15", IF(SUM('CandidateTenderer 6-10'!K46:S46)>0,"10", IF(SUM('CandidateTenderer 1-5'!K46:S46)>0,"5", "0")))) -> CandidateTenderer 6-10 of 0 | T2: (increases automatically if entries are made on the following pages)
A4: =ROW(A1) -> 1 | B4: Commission manager | D4: =IF('CandidateTenderer 1-5'!$D$4 = "", "", 'CandidateTenderer 1-5'!$D$4) | H4: Project title | J4: =IF('CandidateTenderer 1-5'!$J$4 = "", "", 'CandidateTenderer 1-5'!$J$4) -> Global Programme Modular Nutrition Actions (MoNA) | P4: Processing number: | R4: =IF('CandidateTenderer 1-5'!$R$4 = "", "", 'CandidateTenderer 1-5'!$R$4) -> G-100006-002
A5: =ROW(A2) -> 2 | B5: Commercial assessor | D5: =IF('CandidateTenderer 1-5'!$D$5 = "", "", 'CandidateTenderer 1-5'!$D$5) | H5: Service tendered: | J5: =IF('CandidateTenderer 1-5'!$J$5 = "", "", 'CandidateTenderer 1-5'!$J$5) -> Poshan Samriddhi: An initiative for improved nutrition and enhanced rural resilience | P5: Transaction number: | R5: =IF('CandidateTenderer 1-5'!$R$5 = "", "", 'CandidateTenderer 1-5'!$R$5) -> 7000024046
A6: =ROW(A3) -> 3 | B6: Technical assessor | D6: =IF('CandidateTenderer 1-5'!$D$6 = "", "", 'CandidateTenderer 1-5'!$D$6)
A7: =ROW(A4) -> 4
A8: =ROW(A5) -> 5 | J8: Candidate/tenderer 6 | L8: Candidate/tenderer 7 | N8: Candidate/tenderer 8 | P8: Candidate/tenderer 9 | R8: Candidate/tenderer 10
A9: =ROW(A6) -> 6 | B9: A. General information (all procedures)
A10: =ROW(A7) -> 7 | B10: I. Commercial eligibility assessment | E10: (if 'yes' in all instances, the tenderer is eligible) | J10: Yes / No | L10: Yes / No | N10: Yes / No | P10: Yes / No | R10: Yes / No
A11: =ROW(A8) -> 8 | B11: General administrative and/or legal documents (needs to be specified by country office)
A12: =ROW(A9) -> 9 | B12: No compulsory grounds for exclusion according to self-declaration (If this is the case, enter 'yes'. If there are compulsory grounds for exclusion, enter 'no' and the tender is ineligible)
A13: =ROW(A10) -> 10 | B13: No optional grounds for exclusion according to self-declaration (If this is the case, enter 'yes'. If there are optional grounds for exclusion, enter 'no' and the tender is ineligible)
A14: =ROW(A11) -> 11 | B14: Optional grounds for exclusion as per section 22 LkSG
A15: =ROW(A12) -> 12 | B15: Information: Evidence of incorporation
A16: =ROW(A13) -> 13 | B16: In case of candidate/tenderer consortium: Declaration by candidate/tenderer consortium
A17: =ROW(A14) -> 14 | B17: Average annual turnover for the last three financial years (last-but-four financial year can be included in case of tenders held within six months of end of last financial year). If required: financial statements provided | G17: At least: | H17: =IF('CandidateTenderer 1-5'!$H$17 = "", "", 'CandidateTenderer 1-5'!$H$17) -> 181000 | I17: (state the currency)
A18: =ROW(A15) -> 15 | B18: Average number of employees and managers for the past three calendar years | G18: At least: | H18: =IF('CandidateTenderer 1-5'!$H$18 = "", "", 'CandidateTenderer 1-5'!$H$18) -> 10 | I18: persons
A19: =ROW(A16) -> 16 | B19: Result
A20: =ROW(A17) -> 17
A21: =ROW(A18) -> 18 | B21: II. Technical eligibility assessment | E21: (if 'yes' in all instances, the tenderer is eligible) | J21: Yes / No | L21: Yes / No | N21: Yes / No | P21: Yes / No | R21: Yes / No
A22: =ROW(A19) -> 19 | B22: The technical assessment is only based on reference projects with a minimum commission value of: | H22: =IF('CandidateTenderer 1-5'!$H$22 = "", "", 'CandidateTenderer 1-5'!$H$22) -> 20000 | I22: (state the currency)
A23: =ROW(A20) -> 20 | B23: At least | C23: =IF('CandidateTenderer 1-5'!$C$23 = "", "", 'CandidateTenderer 1-5'!$C$23) -> 2 | D23: =" reference project"&IF(C23=1,"","s")&" in the technical field" -> reference projects in the technical field | F23: [fill technical field]
A24: =ROW(A21) -> 21 | B24: and at least (If needed only complete with other minimum criteria or erase) | C24: =IF('CandidateTenderer 1-5'!$C$24 = "", "", 'CandidateTenderer 1-5'!$C$24) -> 2 | D24: =" reference project"&IF(C24=1,"","s") -> reference projects | E24: [please select region/country] | H24: In the last 36 months (for construction contracts 60 months) before the date of publication of this tender.
A25: =ROW(A22) -> 22 | B25: Result | J25: =IF(J23="nein",Auswahllisten!$F$3,IF(J23="ja",Auswahllisten!$F$2," ")) | L25: =IF(L23="nein",Auswahllisten!$F$3,IF(L23="ja",Auswahllisten!$F$2," ")) | N25: =IF(N23="nein",Auswahllisten!$F$3,IF(N23="ja",Auswahllisten!$F$2," ")) | P25: =IF(P23="nein",Auswahllisten!$F$3,IF(P23="ja",Auswahllisten!$F$2," ")) | R25: =IF(R23="nein",Auswahllisten!$F$3,IF(R23="ja",Auswahllisten!$F$2," "))
A26: =ROW(A23) -> 23
A27: =ROW(A24) -> 24 | B27: Overall result, commercial and technical | J27: =IF( OR(J19=Auswahllisten!$F$3,J25=Auswahllisten!$F$3), Auswahllisten!$F$3, IF(AND(J19=Auswahllisten!$F$2,J25=Auswahllisten!$F$2), Auswahllisten!$F$2, "")) | L27: =IF( OR(L19=Auswahllisten!$F$3,L25=Auswahllisten!$F$3), Auswahllisten!$F$3, IF(AND(L19=Auswahllisten!$F$2,L25=Auswahllisten!$F$2), Auswahllisten!$F$2, "")) | N27: =IF( OR(N19=Auswahllisten!$F$3,N25=Auswahllisten!$F$3), Auswahllisten!$F$3, IF(AND(N19=Auswahllisten!$F$2,N25=Auswahllisten!$F$2), Auswahllisten!$F$2, "")) | P27: =IF( OR(P19=Auswahllisten!$F$3,P25=Auswahllisten!$F$3), Auswahllisten!$F$3, IF(AND(P19=Auswahllisten!$F$2,P25=Auswahllisten!$F$2), Auswahllisten!$F$2, "")) | R27: =IF( OR(R19=Auswahllisten!$F$3,R25=Auswahllisten!$F$3), Auswahllisten!$F$3, IF(AND(R19=Auswahllisten!$F$2,R25=Auswahllisten!$F$2), Auswahllisten!$F$2, ""))
A28: =ROW(A25) -> 25
A29: =ROW(A26) -> 26 | B29: B. Ranking (in addition for calls for competitive tender with a limited number of candidates)
A30: =ROW(A27) -> 27 | B30: III. Weighted criteria
A31: =ROW(A28) -> 28 | B31: 1 | I31: 2 | J31: 3 | K31: 4 | L31: 5 | M31: 6 | N31: 7 | O31: 8 | P31: 9 | Q31: 10 | R31: 11 | S31: 12
A32: =ROW(A29) -> 29 | B32: Critereon | I32: Weighting | J32: Score | K32: Assessment | L32: Score | M32: Assessment | N32: Score | O32: Assessment | P32: Score | Q32: Assessment | R32: Score | S32: Assessment
A33: =ROW(A30) -> 30 | I33: in % | J33: (max.10) | K33: (2)x(3) | L33: (max.10) | M33: (2)x(5) | N33: (max.10) | O33: (2)x(7) | P33: (max.10) | Q33: (2)x(9) | R33: (max.10) | S33: (2)x(11)
A34: =ROW(A31) -> 31 | B34: 1. Technical experience
A35: =ROW(A32) -> 32 | B35: Technical experience (up to five specialist areas, including cross-cutting themes) | K35: =J35*$I35 -> 0 | M35: =L35*$I35 -> 0 | O35: =N35*$I35 -> 0 | Q35: =P35*$I35 -> 0 | S35: =R35*$I35 -> 0
A36: =ROW(A33) -> 33 | B36: 1. | I36: 10 | K36: =J36*$I36 -> 0 | M36: =L36*$I36 -> 0 | O36: =N36*$I36 -> 0 | Q36: =P36*$I36 -> 0 | S36: =R36*$I36 -> 0
A37: =ROW(A34) -> 34 | B37: 2. | I37: 10 | K37: =J37*$I37 -> 0 | M37: =L37*$I37 -> 0 | O37: =N37*$I37 -> 0 | Q37: =P37*$I37 -> 0 | S37: =R37*$I37 -> 0
A38: =ROW(A35) -> 35 | B38: 3. | I38: 10 | K38: =J38*$I38 -> 0 | M38: =L38*$I38 -> 0 | O38: =N38*$I38 -> 0 | Q38: =P38*$I38 -> 0 | S38: =R38*$I38 -> 0
A39: =ROW(A36) -> 36 | B39: 4. | I39: 10 | K39: =J39*$I39 -> 0 | M39: =L39*$I39 -> 0 | O39: =N39*$I39 -> 0 | Q39: =P39*$I39 -> 0 | S39: =R39*$I39 -> 0
A40: =ROW(A37) -> 37 | B40: 5. | I40: 10 | K40: =J40*$I40 -> 0 | M40: =L40*$I40 -> 0 | O40: =N40*$I40 -> 0 | Q40: =P40*$I40 -> 0 | S40: =R40*$I40 -> 0
A41: =ROW(A38) -> 38 | B41: Total 1. | I41: =SUM(I34:I40) -> 50 | K41: =SUM(K34:K40) -> 0 | M41: =SUM(M34:M40) -> 0 | O41: =SUM(O34:O40) -> 0 | Q41: =SUM(Q34:Q40) -> 0 | S41: =SUM(S34:S40) -> 0
A42: =ROW(A39) -> 39 | B42: 2. Regional experience
A43: =ROW(A40) -> 40 | B43: Regional experience | D43: [please select region/country] | I43: 30 | K43: =J43*$I43 -> 0 | M43: =L43*$I43 -> 0 | O43: =N43*$I43 -> 0 | Q43: =P43*$I43 -> 0 | S43: =R43*$I43 -> 0
A44: =ROW(A41) -> 41 | B44: 3. Experience of development projects (ODA-financed)
A45: =ROW(A42) -> 42 | B45: Experience of development projects (at least 50% ODA-financed) | I45: 20 | K45: =J45*$I45 -> 0 | M45: =L45*$I45 -> 0 | O45: =N45*$I45 -> 0 | Q45: =P45*$I45 -> 0 | S45: =R45*$I45 -> 0
A46: =ROW(A43) -> 43 | B46: Overall total | I46: =I41+I43+I45 -> 100 | K46: =SUM(K41:K45) -> 0 | M46: =SUM(M41:M45) -> 0 | O46: =SUM(O41:O45) -> 0 | Q46: =SUM(Q41:Q45) -> 0 | S46: =SUM(S41:S45) -> 0
A47: =ROW(A44) -> 44 | B47: Ranking | K47: =_xlfn.RANK.EQ(K46,Ranking!$C$2:$C$101) -> 1 | M47: =_xlfn.RANK.EQ(M46,Ranking!$C$2:$C$101) -> 1 | O47: =_xlfn.RANK.EQ(O46,Ranking!$C$2:$C$101) -> 1 | Q47: =_xlfn.RANK.EQ(Q46,Ranking!$C$2:$C$101) -> 1 | S47: =_xlfn.RANK.EQ(S46,Ranking!$C$2:$C$101) -> 1
B50: I hereby declare that I have filled out this assessment independently, to the best of my knowledge and in good faith.
D51: For the technical assessment: | M51: For the commercial assessment:
F52: Date, full first and last names, function, OU | P52: Date, full first and last names, function, OU

Sheet CandidateTenderer 11-15
A1: Assessment grid for checking the eligibility of candidates/tenderers (local procedures) | U1: CandidateTenderer 11-15
A2: CONFIDENTIAL | R2: =U1 & " of " & IF(SUM('CandidateTenderer 16-20'!K46:S46)>0,"20", IF(SUM('CandidateTenderer 11-15'!K46:S46)>0,"15", IF(SUM('CandidateTenderer 6-10'!K46:S46)>0,"10", IF(SUM('CandidateTenderer 1-5'!K46:S46)>0,"5", "0")))) -> CandidateTenderer 11-15 of 0 | T2: (increases automatically if entries are made on the following pages)
A4: =ROW(A1) -> 1 | B4: Commission manager | D4: =IF('CandidateTenderer 1-5'!$D$4 = "", "", 'CandidateTenderer 1-5'!$D$4) | H4: Project title | J4: =IF('CandidateTenderer 1-5'!$J$4 = "", "", 'CandidateTenderer 1-5'!$J$4) -> Global Programme Modular Nutrition Actions (MoNA) | P4: Processing number: | R4: =IF('CandidateTenderer 1-5'!$R$4 = "", "", 'CandidateTenderer 1-5'!$R$4) -> G-100006-002
A5: =ROW(A2) -> 2 | B5: Commercial assessor | D5: =IF('CandidateTenderer 1-5'!$D$5 = "", "", 'CandidateTenderer 1-5'!$D$5) | H5: Service tendered: | J5: =IF('CandidateTenderer 1-5'!$J$5 = "", "", 'CandidateTenderer 1-5'!$J$5) -> Poshan Samriddhi: An initiative for improved nutrition and enhanced rural resilience | P5: Transaction number: | R5: =IF('CandidateTenderer 1-5'!$R$5 = "", "", 'CandidateTenderer 1-5'!$R$5) -> 7000024046
A6: =ROW(A3) -> 3 | B6: Technical assessor | D6: =IF('CandidateTenderer 1-5'!$D$6 = "", "", 'CandidateTenderer 1-5'!$D$6)
A7: =ROW(A4) -> 4
A8: =ROW(A5) -> 5 | J8: Candidate/tenderer 11 | L8: Candidate/tenderer 12 | N8: Candidate/tenderer 13 | P8: Candidate/tenderer 14 | R8: Candidate/tenderer 15
A9: =ROW(A6) -> 6 | B9: A. General information (all procedures)
A10: =ROW(A7) -> 7 | B10: I. Commercial eligibility assessment | E10: (if 'yes' in all instances, the tenderer is eligible) | J10: Yes / No | L10: Yes / No | N10: Yes / No | P10: Yes / No | R10: Yes / No
A11: =ROW(A8) -> 8 | B11: General administrative and/or legal documents (needs to be specified by country office)
A12: =ROW(A9) -> 9 | B12: No compulsory grounds for exclusion according to self-declaration (If this is the case, enter 'yes'. If there are compulsory grounds for exclusion, enter 'no' and the tender is ineligible)
A13: =ROW(A10) -> 10 | B13: No optional grounds for exclusion according to self-declaration (If this is the case, enter 'yes'. If there are optional grounds for exclusion, enter 'no' and the tender is ineligible)
A14: =ROW(A11) -> 11 | B14: Optional grounds for exclusion as per section 22 LkSG
A15: =ROW(A12) -> 12 | B15: Information: Evidence of incorporation
A16: =ROW(A13) -> 13 | B16: In case of candidate/tenderer consortium: Declaration by candidate/tenderer consortium
A17: =ROW(A14) -> 14 | B17: Average annual turnover for the last three financial years (last-but-four financial year can be included in case of tenders held within six months of end of last financial year). If required: financial statements provided | G17: At least: | H17: =IF('CandidateTenderer 1-5'!$H$17 = "", "", 'CandidateTenderer 1-5'!$H$17) -> 181000 | I17: (state the currency)
A18: =ROW(A15) -> 15 | B18: Average number of employees and managers for the past three calendar years | G18: At least: | H18: =IF('CandidateTenderer 1-5'!$H$18 = "", "", 'CandidateTenderer 1-5'!$H$18) -> 10 | I18: persons
A19: =ROW(A16) -> 16 | B19: Result
A20: =ROW(A17) -> 17
A21: =ROW(A18) -> 18 | B21: II. Technical eligibility assessment | E21: (if 'yes' in all instances, the tenderer is eligible) | J21: Yes / No | L21: Yes / No | N21: Yes / No | P21: Yes / No | R21: Yes / No
A22: =ROW(A19) -> 19 | B22: The technical assessment is only based on reference projects with a minimum commission value of: | H22: =IF('CandidateTenderer 1-5'!$H$22 = "", "", 'CandidateTenderer 1-5'!$H$22) -> 20000 | I22: (state the currency)
A23: =ROW(A20) -> 20 | B23: At least | C23: =IF('CandidateTenderer 1-5'!$C$23 = "", "", 'CandidateTenderer 1-5'!$C$23) -> 2 | D23: =" reference project"&IF(C23=1,"","s")&" in the technical field" -> reference projects in the technical field | F23: [fill technical field]
A24: =ROW(A21) -> 21 | B24: and at least (If needed only complete with other minimum criteria or erase) | C24: =IF('CandidateTenderer 1-5'!$C$24 = "", "", 'CandidateTenderer 1-5'!$C$24) -> 2 | D24: =" reference project"&IF(C24=1,"","s") -> reference projects | E24: [please select region/country] | H24: In the last 36 months (for construction contracts 60 months) before the date of publication of this tender.
A25: =ROW(A22) -> 22 | B25: Result | J25: =IF(J23="nein",Auswahllisten!$F$3,IF(J23="ja",Auswahllisten!$F$2," ")) | L25: =IF(L23="nein",Auswahllisten!$F$3,IF(L23="ja",Auswahllisten!$F$2," ")) | N25: =IF(N23="nein",Auswahllisten!$F$3,IF(N23="ja",Auswahllisten!$F$2," ")) | P25: =IF(P23="nein",Auswahllisten!$F$3,IF(P23="ja",Auswahllisten!$F$2," ")) | R25: =IF(R23="nein",Auswahllisten!$F$3,IF(R23="ja",Auswahllisten!$F$2," "))
A26: =ROW(A23) -> 23
A27: =ROW(A24) -> 24 | B27: Overall result, commercial and technical | J27: =IF( OR(J19=Auswahllisten!$F$3,J25=Auswahllisten!$F$3), Auswahllisten!$F$3, IF(AND(J19=Auswahllisten!$F$2,J25=Auswahllisten!$F$2), Auswahllisten!$F$2, "")) | L27: =IF( OR(L19=Auswahllisten!$F$3,L25=Auswahllisten!$F$3), Auswahllisten!$F$3, IF(AND(L19=Auswahllisten!$F$2,L25=Auswahllisten!$F$2), Auswahllisten!$F$2, "")) | N27: =IF( OR(N19=Auswahllisten!$F$3,N25=Auswahllisten!$F$3), Auswahllisten!$F$3, IF(AND(N19=Auswahllisten!$F$2,N25=Auswahllisten!$F$2), Auswahllisten!$F$2, "")) | P27: =IF( OR(P19=Auswahllisten!$F$3,P25=Auswahllisten!$F$3), Auswahllisten!$F$3, IF(AND(P19=Auswahllisten!$F$2,P25=Auswahllisten!$F$2), Auswahllisten!$F$2, "")) | R27: =IF( OR(R19=Auswahllisten!$F$3,R25=Auswahllisten!$F$3), Auswahllisten!$F$3, IF(AND(R19=Auswahllisten!$F$2,R25=Auswahllisten!$F$2), Auswahllisten!$F$2, ""))
A28: =ROW(A25) -> 25
A29: =ROW(A26) -> 26 | B29: B. Ranking (in addition for calls for competitive tender with a limited number of candidates)
A30: =ROW(A27) -> 27 | B30: III. Weighted criteria
A31: =ROW(A28) -> 28 | B31: 1 | I31: 2 | J31: 3 | K31: 4 | L31: 5 | M31: 6 | N31: 7 | O31: 8 | P31: 9 | Q31: 10 | R31: 11 | S31: 12
A32: =ROW(A29) -> 29 | B32: Critereon | I32: Weighting | J32: Score | K32: Assessment | L32: Score | M32: Assessment | N32: Score | O32: Assessment | P32: Score | Q32: Assessment | R32: Score | S32: Assessment
A33: =ROW(A30) -> 30 | I33: in % | J33: (max.10) | K33: (2)x(3) | L33: (max.10) | M33: (2)x(5) | N33: (max.10) | O33: (2)x(7) | P33: (max.10) | Q33: (2)x(9) | R33: (max.10) | S33: (2)x(11)
A34: =ROW(A31) -> 31 | B34: 1. Technical experience
A35: =ROW(A32) -> 32 | B35: Technical experience (up to five specialist areas, including cross-cutting themes) | K35: =J35*$I35 -> 0 | M35: =L35*$I35 -> 0 | O35: =N35*$I35 -> 0 | Q35: =P35*$I35 -> 0 | S35: =R35*$I35 -> 0
A36: =ROW(A33) -> 33 | B36: 1. | I36: 10 | K36: =J36*$I36 -> 0 | M36: =L36*$I36 -> 0 | O36: =N36*$I36 -> 0 | Q36: =P36*$I36 -> 0 | S36: =R36*$I36 -> 0
A37: =ROW(A34) -> 34 | B37: 2. | I37: 10 | K37: =J37*$I37 -> 0 | M37: =L37*$I37 -> 0 | O37: =N37*$I37 -> 0 | Q37: =P37*$I37 -> 0 | S37: =R37*$I37 -> 0
A38: =ROW(A35) -> 35 | B38: 3. | I38: 10 | K38: =J38*$I38 -> 0 | M38: =L38*$I38 -> 0 | O38: =N38*$I38 -> 0 | Q38: =P38*$I38 -> 0 | S38: =R38*$I38 -> 0
A39: =ROW(A36) -> 36 | B39: 4. | I39: 10 | K39: =J39*$I39 -> 0 | M39: =L39*$I39 -> 0 | O39: =N39*$I39 -> 0 | Q39: =P39*$I39 -> 0 | S39: =R39*$I39 -> 0
A40: =ROW(A37) -> 37 | B40: 5. | I40: 10 | K40: =J40*$I40 -> 0 | M40: =L40*$I40 -> 0 | O40: =N40*$I40 -> 0 | Q40: =P40*$I40 -> 0 | S40: =R40*$I40 -> 0
A41: =ROW(A38) -> 38 | B41: Total 1. | I41: =SUM(I34:I40) -> 50 | K41: =SUM(K34:K40) -> 0 | M41: =SUM(M34:M40) -> 0 | O41: =SUM(O34:O40) -> 0 | Q41: =SUM(Q34:Q40) -> 0 | S41: =SUM(S34:S40) -> 0
A42: =ROW(A39) -> 39 | B42: 2. Regional experience
A43: =ROW(A40) -> 40 | B43: Regional experience | D43: [please select region/country] | I43: 30 | K43: =J43*$I43 -> 0 | M43: =L43*$I43 -> 0 | O43: =N43*$I43 -> 0 | Q43: =P43*$I43 -> 0 | S43: =R43*$I43 -> 0
A44: =ROW(A41) -> 41 | B44: 3. Experience of development projects (ODA-financed)
A45: =ROW(A42) -> 42 | B45: Experience of development projects (at least 50% ODA-financed) | I45: 20 | K45: =J45*$I45 -> 0 | M45: =L45*$I45 -> 0 | O45: =N45*$I45 -> 0 | Q45: =P45*$I45 -> 0 | S45: =R45*$I45 -> 0
A46: =ROW(A43) -> 43 | B46: Overall total | I46: =I41+I43+I45 -> 100 | K46: =SUM(K41:K45) -> 0 | M46: =SUM(M41:M45) -> 0 | O46: =SUM(O41:O45) -> 0 | Q46: =SUM(Q41:Q45) -> 0 | S46: =SUM(S41:S45) -> 0
A47: =ROW(A44) -> 44 | B47: Ranking | K47: =_xlfn.RANK.EQ(K46,Ranking!$C$2:$C$101) -> 1 | M47: =_xlfn.RANK.EQ(M46,Ranking!$C$2:$C$101) -> 1 | O47: =_xlfn.RANK.EQ(O46,Ranking!$C$2:$C$101) -> 1 | Q47: =_xlfn.RANK.EQ(Q46,Ranking!$C$2:$C$101) -> 1 | S47: =_xlfn.RANK.EQ(S46,Ranking!$C$2:$C$101) -> 1
B50: I hereby declare that I have filled out this assessment independently, to the best of my knowledge and in good faith.
D51: For the technical assessment: | M51: For the commercial assessment:
F52: Date, full first and last names, function, OU | P52: Date, full first and last names, function, OU

Sheet CandidateTenderer 16-20
A1: Assessment grid for checking the eligibility of candidates/tenderers (local procedures) | U1: CandidateTenderer 16-20
A2: CONFIDENTIAL | R2: =U1 & " of " & IF(SUM('CandidateTenderer 16-20'!K46:S46)>0,"20", IF(SUM('CandidateTenderer 11-15'!K46:S46)>0,"15", IF(SUM('CandidateTenderer 6-10'!K46:S46)>0,"10", IF(SUM('CandidateTenderer 1-5'!K46:S46)>0,"5", "0")))) -> CandidateTenderer 16-20 of 0 | T2: (increases automatically if entries are made on the following pages)
A4: =ROW(A1) -> 1 | B4: Commission manager | D4: =IF('CandidateTenderer 1-5'!$D$4 = "", "", 'CandidateTenderer 1-5'!$D$4) | H4: Project title | J4: =IF('CandidateTenderer 1-5'!$J$4 = "", "", 'CandidateTenderer 1-5'!$J$4) -> Global Programme Modular Nutrition Actions (MoNA) | P4: Processing number: | R4: =IF('CandidateTenderer 1-5'!$R$4 = "", "", 'CandidateTenderer 1-5'!$R$4) -> G-100006-002
A5: =ROW(A2) -> 2 | B5: Commercial assessor | D5: =IF('CandidateTenderer 1-5'!$D$5 = "", "", 'CandidateTenderer 1-5'!$D$5) | H5: Service tendered: | J5: =IF('CandidateTenderer 1-5'!$J$5 = "", "", 'CandidateTenderer 1-5'!$J$5) -> Poshan Samriddhi: An initiative for improved nutrition and enhanced rural resilience | P5: Transaction number: | R5: =IF('CandidateTenderer 1-5'!$R$5 = "", "", 'CandidateTenderer 1-5'!$R$5) -> 7000024046
A6: =ROW(A3) -> 3 | B6: Technical assessor | D6: =IF('CandidateTenderer 1-5'!$D$6 = "", "", 'CandidateTenderer 1-5'!$D$6)
A7: =ROW(A4) -> 4
A8: =ROW(A5) -> 5 | J8: Candidate/tenderer 16 | L8: Candidate/tenderer 17 | N8: Candidate/tenderer 18 | P8: Candidate/tenderer 19 | R8: Candidate/tenderer 20
A9: =ROW(A6) -> 6 | B9: A. General information (all procedures)
A10: =ROW(A7) -> 7 | B10: I. Commercial eligibility assessment | E10: (if 'yes' in all instances, the tenderer is eligible) | J10: Yes / No | L10: Yes / No | N10: Yes / No | P10: Yes / No | R10: Yes / No
A11: =ROW(A8) -> 8 | B11: General administrative and/or legal documents (needs to be specified by country office)
A12: =ROW(A9) -> 9 | B12: No compulsory grounds for exclusion according to self-declaration (If this is the case, enter 'yes'. If there are compulsory grounds for exclusion, enter 'no' and the tender is ineligible)
A13: =ROW(A10) -> 10 | B13: No optional grounds for exclusion according to self-declaration (If this is the case, enter 'yes'. If there are optional grounds for exclusion, enter 'no' and the tender is ineligible)
A14: =ROW(A11) -> 11 | B14: Optional grounds for exclusion as per section 22 LkSG
A15: =ROW(A12) -> 12 | B15: Information: Evidence of incorporation
A16: =ROW(A13) -> 13 | B16: In case of candidate/tenderer consortium: Declaration by candidate/tenderer consortium
A17: =ROW(A14) -> 14 | B17: Average annual turnover for the last three financial years (last-but-four financial year can be included in case of tenders held within six months of end of last financial year). If required: financial statements provided | G17: At least: | H17: =IF('CandidateTenderer 1-5'!$H$17 = "", "", 'CandidateTenderer 1-5'!$H$17) -> 181000 | I17: (state the currency)
A18: =ROW(A15) -> 15 | B18: Average number of employees and managers for the past three calendar years | G18: At least: | H18: =IF('CandidateTenderer 1-5'!$H$18 = "", "", 'CandidateTenderer 1-5'!$H$18) -> 10 | I18: persons
A19: =ROW(A16) -> 16 | B19: Result
A20: =ROW(A17) -> 17
A21: =ROW(A18) -> 18 | B21: II. Technical eligibility assessment | E21: (if 'yes' in all instances, the tenderer is eligible) | J21: Yes / No | L21: Yes / No | N21: Yes / No | P21: Yes / No | R21: Yes / No
A22: =ROW(A19) -> 19 | B22: The technical assessment is only based on reference projects with a minimum commission value of: | H22: =IF('CandidateTenderer 1-5'!$H$22 = "", "", 'CandidateTenderer 1-5'!$H$22) -> 20000 | I22: (state the currency)
A23: =ROW(A20) -> 20 | B23: At least | C23: =IF('CandidateTenderer 1-5'!$C$23 = "", "", 'CandidateTenderer 1-5'!$C$23) -> 2 | D23: =" reference project"&IF(C23=1,"","s")&" in the technical field" -> reference projects in the technical field | F23: [fill technical field]
A24: =ROW(A21) -> 21 | B24: and at least (If needed only complete with other minimum criteria or erase) | C24: =IF('CandidateTenderer 1-5'!$C$24 = "", "", 'CandidateTenderer 1-5'!$C$24) -> 2 | D24: =" reference project"&IF(C24=1,"","s") -> reference projects | E24: [please select region/country] | H24: In the last 36 months (for construction contracts 60 months) before the date of publication of this tender.
A25: =ROW(A22) -> 22 | B25: Result | J25: =IF(J23="nein",Auswahllisten!$F$3,IF(J23="ja",Auswahllisten!$F$2," ")) | L25: =IF(L23="nein",Auswahllisten!$F$3,IF(L23="ja",Auswahllisten!$F$2," ")) | N25: =IF(N23="nein",Auswahllisten!$F$3,IF(N23="ja",Auswahllisten!$F$2," ")) | P25: =IF(P23="nein",Auswahllisten!$F$3,IF(P23="ja",Auswahllisten!$F$2," ")) | R25: =IF(R23="nein",Auswahllisten!$F$3,IF(R23="ja",Auswahllisten!$F$2," "))
A26: =ROW(A23) -> 23
A27: =ROW(A24) -> 24 | B27: Overall result, commercial and technical | J27: =IF( OR(J19=Auswahllisten!$F$3,J25=Auswahllisten!$F$3), Auswahllisten!$F$3, IF(AND(J19=Auswahllisten!$F$2,J25=Auswahllisten!$F$2), Auswahllisten!$F$2, "")) | L27: =IF( OR(L19=Auswahllisten!$F$3,L25=Auswahllisten!$F$3), Auswahllisten!$F$3, IF(AND(L19=Auswahllisten!$F$2,L25=Auswahllisten!$F$2), Auswahllisten!$F$2, "")) | N27: =IF( OR(N19=Auswahllisten!$F$3,N25=Auswahllisten!$F$3), Auswahllisten!$F$3, IF(AND(N19=Auswahllisten!$F$2,N25=Auswahllisten!$F$2), Auswahllisten!$F$2, "")) | P27: =IF( OR(P19=Auswahllisten!$F$3,P25=Auswahllisten!$F$3), Auswahllisten!$F$3, IF(AND(P19=Auswahllisten!$F$2,P25=Auswahllisten!$F$2), Auswahllisten!$F$2, "")) | R27: =IF( OR(R19=Auswahllisten!$F$3,R25=Auswahllisten!$F$3), Auswahllisten!$F$3, IF(AND(R19=Auswahllisten!$F$2,R25=Auswahllisten!$F$2), Auswahllisten!$F$2, ""))
A28: =ROW(A25) -> 25
A29: =ROW(A26) -> 26 | B29: B. Ranking (in addition for calls for competitive tender with a limited number of candidates)
A30: =ROW(A27) -> 27 | B30: III. Weighted criteria
A31: =ROW(A28) -> 28 | B31: 1 | I31: 2 | J31: 3 | K31: 4 | L31: 5 | M31: 6 | N31: 7 | O31: 8 | P31: 9 | Q31: 10 | R31: 11 | S31: 12
A32: =ROW(A29) -> 29 | B32: Critereon | I32: Weighting | J32: Score | K32: Assessment | L32: Score | M32: Assessment | N32: Score | O32: Assessment | P32: Score | Q32: Assessment | R32: Score | S32: Assessment
A33: =ROW(A30) -> 30 | I33: in % | J33: (max.10) | K33: (2)x(3) | L33: (max.10) | M33: (2)x(5) | N33: (max.10) | O33: (2)x(7) | P33: (max.10) | Q33: (2)x(9) | R33: (max.10) | S33: (2)x(11)
A34: =ROW(A31) -> 31 | B34: 1. Technical experience
A35: =ROW(A32) -> 32 | B35: Technical experience (up to five specialist areas, including cross-cutting themes) | K35: =J35*$I35 -> 0 | M35: =L35*$I35 -> 0 | O35: =N35*$I35 -> 0 | Q35: =P35*$I35 -> 0 | S35: =R35*$I35 -> 0
A36: =ROW(A33) -> 33 | B36: 1. | I36: 10 | K36: =J36*$I36 -> 0 | M36: =L36*$I36 -> 0 | O36: =N36*$I36 -> 0 | Q36: =P36*$I36 -> 0 | S36: =R36*$I36 -> 0
A37: =ROW(A34) -> 34 | B37: 2. | I37: 10 | K37: =J37*$I37 -> 0 | M37: =L37*$I37 -> 0 | O37: =N37*$I37 -> 0 | Q37: =P37*$I37 -> 0 | S37: =R37*$I37 -> 0
A38: =ROW(A35) -> 35 | B38: 3. | I38: 10 | K38: =J38*$I38 -> 0 | M38: =L38*$I38 -> 0 | O38: =N38*$I38 -> 0 | Q38: =P38*$I38 -> 0 | S38: =R38*$I38 -> 0
A39: =ROW(A36) -> 36 | B39: 4. | I39: 10 | K39: =J39*$I39 -> 0 | M39: =L39*$I39 -> 0 | O39: =N39*$I39 -> 0 | Q39: =P39*$I39 -> 0 | S39: =R39*$I39 -> 0
A40: =ROW(A37) -> 37 | B40: 5. | I40: 10 | K40: =J40*$I40 -> 0 | M40: =L40*$I40 -> 0 | O40: =N40*$I40 -> 0 | Q40: =P40*$I40 -> 0 | S40: =R40*$I40 -> 0
A41: =ROW(A38) -> 38 | B41: Total 1. | I41: =SUM(I34:I40) -> 50 | K41: =SUM(K34:K40) -> 0 | M41: =SUM(M34:M40) -> 0 | O41: =SUM(O34:O40) -> 0 | Q41: =SUM(Q34:Q40) -> 0 | S41: =SUM(S34:S40) -> 0
A42: =ROW(A39) -> 39 | B42: 2. Regional experience
A43: =ROW(A40) -> 40 | B43: Regional experience | D43: [please select region/country] | I43: 30 | K43: =J43*$I43 -> 0 | M43: =L43*$I43 -> 0 | O43: =N43*$I43 -> 0 | Q43: =P43*$I43 -> 0 | S43: =R43*$I43 -> 0
A44: =ROW(A41) -> 41 | B44: 3. Experience of development projects (ODA-financed)
A45: =ROW(A42) -> 42 | B45: Experience of development projects (at least 50% ODA-financed) | I45: 20 | K45: =J45*$I45 -> 0 | M45: =L45*$I45 -> 0 | O45: =N45*$I45 -> 0 | Q45: =P45*$I45 -> 0 | S45: =R45*$I45 -> 0
A46: =ROW(A43) -> 43 | B46: Overall total | I46: =I41+I43+I45 -> 100 | K46: =SUM(K41:K45) -> 0 | M46: =SUM(M41:M45) -> 0 | O46: =SUM(O41:O45) -> 0 | Q46: =SUM(Q41:Q45) -> 0 | S46: =SUM(S41:S45) -> 0
A47: =ROW(A44) -> 44 | B47: Ranking | K47: =_xlfn.RANK.EQ(K46,Ranking!$C$2:$C$101) -> 1 | M47: =_xlfn.RANK.EQ(M46,Ranking!$C$2:$C$101) -> 1 | O47: =_xlfn.RANK.EQ(O46,Ranking!$C$2:$C$101) -> 1 | Q47: =_xlfn.RANK.EQ(Q46,Ranking!$C$2:$C$101) -> 1 | S47: =_xlfn.RANK.EQ(S46,Ranking!$C$2:$C$101) -> 1
B50: I hereby declare that I have filled out this assessment independently, to the best of my knowledge and in good faith.
D51: For the technical assessment: | M51: For the commercial assessment:
F52: Date, full first and last names, function, OU | P52: Date, full first and last names, function, OU

Sheet Overview geographical regions
A1: Overview geographical regions and compositions
A2: (http://unstats.un.org/unsd/methods/m49/m49regin.htm#ftna)
A4: Americas | D4: Europe | G4: Africa | J4: Asia | M4: Oceania
A6: Latin America and the Caribbean | D6: Eastern Europe | G6: Eastern Africa | J6: Central Asia | K6: Kazakhstan | M6: Australie + New Zealand | N6: Australia
B7: Antigua and Barbuda | E7: Belarus | H7: Burundi | K7: Kyrgyzstan | N7: New Zealand
B8: Aruba | E8: Bulgaria | H8: Comoros | K8: Tajikistan | N8: Norfolk Island
B9: Bahamas | E9: Czech Republic | H9: Djibouti | K9: Turkmenistan | M9: Malanesia | N9: Fiji
B10: Barbados | E10: Hungary | H10: Eritrea | K10: Uzbekistan | N10: New Caledonia
B11: Bonaire, Sint Eustatius and Saba | E11: Poland | H11: Ethiopia | J11: Eastern Asia | K11: China | N11: Papua New Guinea
B12: British Virgin Islands | E12: Republic of Moldova | H12: Kenya | K12: China, Hong Kong Special Administrative Region | N12: Solomon Islands
B13: Cayman Islands | E13: Romania | H13: Madagascar | K13: China, Macao Special Administrative Region | N13: Vanuatu
B14: Cuba | E14: Russian Federation | H14: Malawi | K14: Democratic People's Republic of Korea | M14: Micronesien | N14: Guam
B15: Curaçao | E15: Slovakia | H15: Mauritius | K15: Japan | N15: Kiribati
B16: Dominica | E16: Ukraine | H16: Mayotte | K16: Mongolia | N16: Marshall Islands
B17: Dominican Republic | H17: Mozambique | K17: Republic of Korea | N17: Micronesia (Federated States of)
B18: Grenada | H18: Réunion | J18: Southern Asia | K18: Afghanistan | N18: Nauru
B19: Guadeloupe | D19: Northern Europe | E19: Åland Islands | H19: Rwanda | K19: Bangladesh | N19: Northern Mariana Islands
B20: Haiti | E20: Channel Islands | H20: Seychelles | K20: Bhutan | N20: Palau
B21: Jamaica | E21: Denmark | H21: Somalia | K21: India | M21: Polynesia | N21: American Samoa
B22: Martinique | E22: Estonia | H22: South Sudan | K22: Iran (Islamic Republic of) | N22: Cook Islands
B23: Montserrat | E23: Faeroe Islands | H23: Uganda | K23: Maldives | N23: French Polynesia
B24: Puerto Rico | E24: Finland | H24: United Republic of Tanzania | K24: Nepal | N24: Niue
B25: Saint-Barthélemy | E25: Guernsey | H25: Zambia | K25: Pakistan | N25: Pitcairn
B26: Saint Kitts and Nevis | E26: Iceland | H26: Zimbabwe | K26: Sri Lanka | N26: Samoa
B27: Saint Lucia | E27: Ireland | G27: Middle Africa | H27: Angola | J27: South-Eastern Asia | K27: Brunei Darussalam | N27: Tokelau
B28: Saint Martin (French part) | E28: Isle of Man | H28: Cameroon | K28: Cambodia | N28: Tonga
B29: Saint Vincent and the Grenadines | E29: Jersey | H29: Central African Republic | K29: Indonesia | N29: Tuvalu
B30: Sint Maarten (Dutch part) | E30: Latvia | H30: Chad | K30: Lao People's Democratic Republic | N30: Wallis and Futuna Islands
B31: Trinidad and Tobago | E31: Lithuania | H31: Congo | K31: Malaysia
B32: Turks and Caicos Islands | E32: Norway | H32: Democratic Republic of the Congo | K32: Myanmar
B33: United States Virgin Islands | E33: Sark | H33: Equatorial Guinea | K33: Philippines
A34: Central America | B34: Belize | E34: Svalbard and Jan Mayen Islands | H34: Gabon | K34: Singapore
B35: Costa Rica | E35: Sweden | H35: Sao Tome and Principe | K35: Thailand
B36: El Salvador | E36: United Kingdom of Great Britain and Northern Ireland | G36: Northern Africa | H36: Algeria | K36: Timor-Leste
B37: Guatemala | D37: Southern Europe | E37: Albania | H37: Egypt | K37: Viet Nam
B38: Honduras | E38: Andorra | H38: Libya | J38: Western Asia | K38: Armenia
B39: Mexico | E39: Bosnia and Herzegovina | H39: Morocco | K39: Azerbaijan
B40: Nicaragua | E40: Croatia | H40: Sudan | K40: Bahrain
B41: Panama | E41: Gibraltar | H41: Tunisia | K41: Cyprus
A42: Southern America | B42: Argentina | E42: Greece | H42: Western Sahara | K42: Georgia
B43: Bolivia (Plurinational State of) | E43: Holy See | G43: Southern Africa | H43: Botswana | K43: Israel
B44: Brazil | E44: Italy | H44: Lesotho | K44: Kuwait
B45: Chile | E45: Kosovo | H45: Namibia | K45: Oman
B46: Colombia | E46: Malta | H46: South Africa | K46: Qatar
B47: Ecuador | E47: Montenegro | H47: Swaziland | K47: Saudi Arabia
B48: Falkland Islands (Malvinas) | E48: Portugal | G48: Western Africa | H48: Benin | K48: United Arab Emirates
B49: French Guiana | E49: Republic of North Macedonia | H49: Burkina Faso
B50: Guyana | E50: San Marino | H50: Cabo Verde | J50: MENA* | K50: Algeria
B51: Paraguay | E51: Serbia | H51: Cote d'Ivoire | K51: Bahrain
B52: Peru | E52: Slovenia | H52: Gambia | K52: Egypt
B53: Suriname | E53: Spain | H53: Ghana | K53: Israel
B54: Uruguay | D54: Western Europe | E54: Austria | H54: Guinea | K54: Iran
B55: Venezuela (Bolivarian Republic of) | E55: Belgium | H55: Guinea-Bissau | K55: Iraq
A56: Northern America | B56: Bermuda | E56: France | H56: Liberia | K56: Jordan
B57: Canada | E57: Germany | H57: Mali | K57: Kuweit
B58: Greenland | E58: Liechtenstein | H58: Mauritania | K58: Lebanon
B59: Saint Pierre and Miquelon | E59: Luxembourg | H59: Niger | K59: Libya
B60: United States of America | E60: Monaco | H60: Nigeria | K60: Marocco
E61: Netherlands | H61: Saint Helena | K61: Oman
E62: Switzerland | H62: Senegal | K62: Qatar
H63: Sierra Leone | K63: Saudi-Arabia
H64: Togo | K64: Syria
K65: Tunisia
K66: United Arab Emirates
K67: Yemen
J69: *This region is provided in addition to UNstat

Sheet Auswahllisten
A1: Länder und Regionen (Basis) | B1: Länder und Regionen (Zeile 35) | C1: Länder und Regionen | D1: Mindestzahl | E1: Auswahl ja/nein | F1: geeignet/ungeeignet | G1: Rangfolge
B2: World | C2: in World | D2: 0 | E2: yes | F2: eligible | G2: ='CandidateTenderer 1-5'!$K$46 -> 0 | H2: 1
B3: Africa | C3: in Africa | D3: 1 | E3: no | F3: uneligible | G3: ='CandidateTenderer 1-5'!$M$46 -> 0 | H3: 2
B4: Eastern Africa | C4: in Eastern Africa | D4: 2 | E4: not applicable | G4: ='CandidateTenderer 1-5'!$O$46 -> 0 | H4: 3
B5: Middle Africa | C5: in Middle Africa | D5: 3 | G5: ='CandidateTenderer 1-5'!$Q$46 -> 0 | H5: 4
B6: Northern Africa | C6: in Northern Africa | D6: 4 | G6: ='CandidateTenderer 1-5'!$S$46 -> 0 | H6: 5
B7: Southern Africa | C7: in Southern Africa | D7: 5 | G7: ='CandidateTenderer 6-10'!$K$46 -> 0 | H7: 6
B8: Western Africa | C8: in Western Africa | D8: 6 | G8: ='CandidateTenderer 6-10'!$M$46 -> 0 | H8: 7
B9: Americas | C9: in Americas | D9: 7 | G9: ='CandidateTenderer 6-10'!$O$46 -> 0 | H9: 8
B10: Latin America and the Caribbean | C10: in Latin America and the Caribbea | D10: 8 | G10: ='CandidateTenderer 6-10'!$Q$46 -> 0 | H10: 9
B11: Caribbean | C11: in Caribbean | D11: 9 | G11: ='CandidateTenderer 6-10'!$S$46 -> 0 | H11: 10
B12: Central America | C12: in Central America | D12: 10 | G12: ='CandidateTenderer 11-15'!$K$46 -> 0 | H12: 11
B13: South America | C13: in South America | G13: ='CandidateTenderer 11-15'!$M$46 -> 0 | H13: 12
B14: Northern America | C14: in Northern America | G14: ='CandidateTenderer 11-15'!$O$46 -> 0 | H14: 13
B15: Asia | C15: in Asia | G15: ='CandidateTenderer 11-15'!$Q$46 -> 0 | H15: 14
B16: Central Asia | C16: in Central Asia | G16: ='CandidateTenderer 11-15'!$S$46 -> 0 | H16: 15
B17: Eastern Asia | C17: in Eastern Asia | G17: ='CandidateTenderer 16-20'!$K$46 -> 0 | H17: 16
B18: Southern Asia | C18: in Southern Asia | G18: ='CandidateTenderer 16-20'!$M$46 -> 0 | H18: 17
B19: South-Eastern Asia | C19: in South-Eastern Asia | G19: ='CandidateTenderer 16-20'!$O$46 -> 0 | H19: 18
B20: Western Asia | C20: in Western Asia | G20: ='CandidateTenderer 6-10'!$Q$46 -> 0 | H20: 19
B21: Europe | C21: in Europe | G21: ='CandidateTenderer 16-20'!$S$46 -> 0 | H21: 20
B22: Eastern Europe | C22: in Eastern Europe
B23: Northern Europe | C23: in Northern Europe
B24: Southern Europe | C24: in Southern Europe
B25: Western Europe | C25: in Western Europe
B26: Oceania | C26: in Oceania
B27: ="" & A28 -> Afghanistan | C27: ="in " & A28 & "" -> in Afghanistan
A28: Afghanistan | B28: ="" & A29 -> Åland Islands | C28: ="in " & A29 & "" -> in Åland Islands
A29: Åland Islands | B29: ="" & A30 -> Albania | C29: ="in " & A30 & "" -> in Albania
A30: Albania | B30: ="" & A31 -> Algeria | C30: ="in " & A31 & "" -> in Algeria
A31: Algeria | B31: ="" & A32 -> American Samoa | C31: ="in " & A32 & "" -> in American Samoa
A32: American Samoa | B32: ="" & A33 -> Andorra | C32: ="in " & A33 & "" -> in Andorra
A33: Andorra | B33: ="" & A34 -> Angola | C33: ="in " & A34 & "" -> in Angola
A34: Angola | B34: ="" & A35 -> Anguilla | C34: ="in " & A35 & "" -> in Anguilla
A35: Anguilla | B35: ="" & A36 -> Antigua and Barbuda | C35: ="in " & A36 & "" -> in Antigua and Barbuda
A36: Antigua and Barbuda | B36: ="" & A37 -> Argentina | C36: ="in " & A37 & "" -> in Argentina
A37: Argentina | B37: ="" & A38 -> Armenia | C37: ="in " & A38 & "" -> in Armenia
A38: Armenia | B38: ="" & A39 -> Aruba | C38: ="in " & A39 & "" -> in Aruba
A39: Aruba | B39: ="" & A40 -> Australia | C39: ="in " & A40 & "" -> in Australia
... A268: Zambia | B268: ="" & A269 -> Zimbabwe | C268: ="in " & A269 & "" -> in Zimbabwe
A269: Zimbabwe
